 Dungeon Crawl Stone Soup version 0.28.0 (webtiles) character file.

Game seed: 8369142250899742060

34 mkm the Firebug (level 3, 0/19 HPs)
             Began as a Gargoyle Fire Elementalist on Feb 11, 2022.
             Slain by a goblin (4 damage)
             ... led by Robin
             ... on level 2 of the Dungeon.
             The game lasted 00:03:36 (1390 turns).

mkm the Firebug (Gargoyle Fire Elementalist)        Turns: 1390, Time: 00:03:36

Health: 0/19       AC:  7    Str: 11    XL:     3   Next: 31%
Magic:  5/6        EV: 11    Int: 17    God:
Gold:   102        SH:  0    Dex: 10    Spells: 4/7 levels left

rFire   . . .      SeeInvis .   e - +0 whip
rCold   . . .      Faith    .   (no shield)
rNeg    + . .      Spirit   .   a - +0 robe
rPois   ∞          Reflect  .   (no helmet)
rElec   +          Harm     .   d - +1 cloak
rCorr   .          Rampage  .   (no gloves)
Will    .....                   (no boots)
Stlth   ++........              (no amulet)
HPRegen 0.06/turn               (no ring)
MPRegen 0.10/turn               (no ring)

@: no status effects
A: sickness immunity, AC +3, negative energy resistance 1, electricity
resistance, torment resistance 1, petrification resistance
a: no special abilities


You were on level 2 of the Dungeon.
You visited 1 branch of the dungeon, and saw 2 of its levels.

You collected 102 gold pieces.

Inventory:

Hand Weapons
 e - a +0 whip (weapon)
Armour
 a - a +0 robe (worn)
 d - a +1 cloak (worn)
Potions
 b - a potion of curing {unknown}
 f - a potion of degeneration {unknown}


   Skills:
 - Level 1.5 Dodging
 - Level 2.1 Stealth
 + Level 2.5 Spellcasting
 + Level 2.1 Conjurations
 + Level 3.4 Fire Magic


You had 4 spell levels left.
You knew the following spells:

 Your Spells              Type           Power      Damage    Failure   Level
a - Foxfire               Conj/Fire      44%        2x1d6     6%          1
b - Scorch                Fire           26%        2d6       7%          2

Your spell library contained the following spells:

 Spells                   Type           Power      Damage    Failure   Level
 Conjure Flame            Conj/Fire      11%        6-21      17%         3
 Inner Flame              Hex/Fire       8%         N/A       26%         3
 Flame Wave               Conj/Fire      11%        2d5       50%         4


Dungeon Overview and Level Annotations

Branches:
Dungeon (2/15)

Altars:

Annotations:
D:2 Robin


Innate Abilities, Weirdness & Mutations

You are immune to sickness and miasma.
Your stone body is resilient. (AC +3)
You are immune to poison.
You resist negative energy. (rN+)
You are resistant to electric shocks. (rElec)
You are resistant to unholy torment.
You are immune to petrification.


Message History

A goblin comes into view. It is wielding a +0 dagger of freezing.
You conjure some foxfire!
The foxfire hits the goblin.
You kill the goblin!
The foxfire hits the goblin.
The goblin is almost dead.
The foxfire hits the hobgoblin.
The hobgoblin is moderately wounded.
You hear a shout!
You conjure some foxfire!
You hear a shout!
A goblin comes into view. It is wielding a +0 club.
Robin of the Strong Arm comes into view.
They are wielding a +0 mace.
The foxfire hits the goblin.
You kill the goblin!
The foxfire hits the hobgoblin but does no damage.
The hobgoblin is moderately wounded.
Robin throws the goblin at you! The goblin hits you with a dagger.
You miscast Foxfire.
You are very lightly contaminated with residual magic.
Nothing appears to happen.
The goblin shoots a sling bullet.
The sling bullet closely misses you.
The sling bullet hits the goblin!
The goblin dies!
A hobgoblin comes into view.
The goblin shoots a sling bullet.
The sling bullet hits you!
Blink to where?
Press: ? - help, Dir - move target
As you read the scroll labelled GEATTAZUDU, it crumbles to dust.
It was a scroll of blinking.
Robin throws the goblin at you!
Your magical contamination has completely faded away.
The goblin hits you with a +0 club.
* * * LOW HITPOINT WARNING * * *
Robin throws the goblin at you! The goblin hits you but does no damage.
There is a faded altar of an unknown god here.
The goblin no longer looks unusually strong.
The goblin hits you but does no damage.
There is a stone staircase leading down here.
You see here a frilled lizard corpse.
The goblin hits you with a +0 club.
You die...

## ############## #.
#....g.gg>...########.
#g#########........g.. ###
#.g# #####.########## #.#
##.## #<..#.###### #.# #..#
#...#.#....#
######.#######g###...#.#.##.#
....#..........g@....#.#..#.#
...........####.##...#.##.#.#
............###.##...#....#.#
.†...........#......#######.#
....<.............#..#......#
<....................#.######
...................###.#....#
...................# #.#†##.#
..................## #.#..#.#
###


You could see 2 goblins.

Vanquished Creatures
  An adder (D:2)
  An adder skeleton (D:2)
  A worm (D:2)
  An endoplasm (D:1)
  2 giant cockroaches
  6 goblins
  A kobold (D:1)
  A bat (D:1)
  2 frilled lizards
  3 rats
19 creatures vanquished.

Vanquished Creatures (others)
  A goblin (D:2)
  47 foxfires
48 creatures vanquished.

Grand Total: 67 creatures vanquished

Notes
Turn   | Place    | Note
-------+----------+-------------------------------------------
     0 | D:1      | mkm the Gargoyle Fire Elementalist began the quest for the
                  | Orb.
     0 | D:1      | Reached XP level 1. HP: 10/10 MP: 3/3
   434 | D:1      | Reached XP level 2. HP: 15/15 MP: 3/5
   437 | D:1      | Learned a level 2 spell: Scorch
  1013 | D:2      | Reached XP level 3. HP: 19/19 MP: 1/6
  1322 | D:2      | Found a faded altar of an unknown god.
  1347 | D:2      | Noticed Robin
  1390 | D:2      | Slain by a goblin

Illustrated notes

Levels and vault maps discovered:
D:1:      matt_arrival_spirals, layout_loops_ring, minmay_misc_feat_encased
D:2:      layout_rooms, ebering_ecumenical_altar_hall, patterned_corridor,
          uniq_robin

Skill      XL: |  1  2 |
---------------+-------+-----
Conjurations   | 2 |  2.1
Dodging        | |  1.5
Stealth        | |  2.1
Spellcasting   | |  2.5
Fire Magic     | |  3.4

Action                   || total
-------------------------++-------
Melee: Club              ||     1
       Unarmed           ||     1
       Whip              ||     1
 Cast: Foxfire           ||    27
  Use: Scroll            ||     1
Armor: Robe              ||     8
Dodge: Dodged            ||     5
